 Dungeon Crawl Stone Soup version 0.28-a0-445-g51f8dfeb47 (webtiles) character file.

Game seed: 13002593367448558488

60 Conn the Firebug (level 4, -2/27 HPs)
             Began as an Octopode Fire Elementalist on Sept 12, 2021.
             Slain by a bullfrog (3 damage)
             ... on level 4 of the Dungeon.
             The game lasted 00:05:25 (2713 turns).

Conn the Firebug (Octopode Fire Elementalist)       Turns: 2713, Time: 00:05:25

Health: -2/27      AC:  1    Str:  7    XL:     4   Next: 6%
Magic:  15/16      EV: 14    Int: 18    God:
Gold:   118        SH:  0    Dex: 24    Spells: 0/7 levels left

rFire   . . .      SeeInvis .   m - +2 hand axe (flame)
rCold   . . .      Faith    .   (no shield)
rNeg    . . .      Spirit   .   (helmet restricted)
rPois   .          Reflect  .   k - amulet of magic regeneration
rElec   .          Harm     .   b - +6 ring of dexterity
rCorr   +          Rampage  .   e - +6 ring of dexterity
Will    .....                   q - ring of magical power
Stlth   ++++......              r - ring of resist corrosion
HPRegen 0.09/turn               (no ring)
MPRegen 0.40/turn               (no ring)
                                (no ring)
                                (no ring)

@: lethally poisoned (-2 -> -10), about to teleport, very slightly contaminated
A: almost no armour, amphibious, 8 rings, camouflage 1, gelatinous body 1,
(nimble swimmer 1), tentacles
a: no special abilities


You were on level 4 of the Dungeon.
You visited 1 branch of the dungeon, and saw 4 of its levels.

You collected 118 gold pieces.

Inventory:

Hand Weapons
 l - a +0 dagger
 m - a +2 hand axe of flaming (weapon)
Magical Staves
 o - a staff of earth
Jewellery
 b - a +6 ring of dexterity (left tentacle)
 e - a +6 ring of dexterity (right tentacle)
 k - an amulet of magic regeneration (around mantle)
 q - a ring of magical power (on tentacle)
 r - a ring of resist corrosion (on tentacle)
Scrolls
 d - 2 scrolls of fog {unknown}
 f - a scroll of teleportation
 n - a scroll of vulnerability {unknown}
Potions
 a - 2 potions of curing
 c - a potion of cancellation {unknown}
 g - a potion of degeneration {unknown}
 h - a potion of attraction {unknown}
 i - a potion of mutation {unknown}
 j - 4 potions of lignification {unknown}
 p - a potion of heal wounds {unknown}


   Skills:
 + Level 0.1 Fighting
 + Level 2.2 Dodging
 + Level 3.5 Stealth
 + Level 2.4 Spellcasting
 + Level 1.5 Conjurations
 + Level 3.8 Fire Magic


You couldn't memorise any spells.
You knew the following spells:

 Your Spells              Type           Power      Damage    Failure   Level
a - Foxfire               Conj/Fire      44%        2x1d6     6%          1
b - Conjure Flame         Conj/Fire      11%        6-21      17%         3
c - Inner Flame           Hex/Fire       9%         N/A       24%         3

Your spell library contained the following spells:

 Spells                   Type           Power      Damage    Failure   Level
 Scorch                   Fire           30%        2d7       5%          2
 Magic Dart               Conj           28%        1d4       10%         1
 Searing Ray              Conj           14%        2d5       14%         2
 Apportation              Tloc           4%         N/A       17%         1
 Sting                    Tmut/Pois      8%         1d3       17%         1
 Poisonous Vapours        Pois/Air       4%         N/A       26%         2
 Slow                     Hex            2%         N/A       26%         2
 Confusing Touch          Hex            2%         N/A       45%         3
 Vampiric Draining        Necr           1%         2d6       45%         3
 Flame Wave               Conj/Fire      11%        3d4       50%         4
 Fulminant Prism          Conj/Hex       2%         3d6       77%         4
 Olgreb's Toxic Radiance  Pois           2%         N/A       86%         4
 Alistair's Intoxication  Tmut/Pois      1%         N/A       99%         5
 Invisibility             Hex            1%         N/A       100%        6


Dungeon Overview and Level Annotations

Branches:
Dungeon (4/15)
 Temple: D:4-7

Altars:

Annotations:
D:4 Natasha


Innate Abilities, Weirdness & Mutations

You cannot wear most types of armour.
You are amphibious.
You can wear up to eight rings at the same time.
Your skin changes colour to match your surroundings (Stealth+).
Your rubbery body absorbs attacks. (AC +1, EV +1)
((You are camouflaged near water. (Stealth+)))
You have tentacles for arms and can constrict up to eight enemies at once.


Message History

The jackal bites you.
Casting: Foxfire (safe; 6% risk of failure)
Confirm with . or Enter, or press ? or * to list all spells.
You conjure some foxfire!
The killer bee buzzes angrily.
The bullfrog hits you. The jackal barely misses you. The killer bee stings you.
The bullfrog hits you.
* * * LOW HITPOINT WARNING * * *
The killer bee closely misses you.
Unknown command.
Unknown command.
Unknown command.
Unknown command.
Unknown command.
Unknown command.
Unknown command.
Unknown command.
Unknown command.
Unknown command.
As you read the scroll labelled LAN ASMETIO, it crumbles to dust.
You feel strangely unstable.
It was a scroll of teleportation.
The foxfire hits the killer bee.
The killer bee is lightly wounded.
The foxfire hits the killer bee.
The killer bee is moderately wounded.
The killer bee stings you but does no damage.
The killer bee closely misses you. The jackal barely misses you.
The bullfrog hits you.
* * * LOW HITPOINT WARNING * * *
The killer bee misses you. x2; The jackal barely misses you.
It was a potion of curing.
You feel better.
A killer bee comes into view.
The killer bee completely misses you. The killer bee stings you!
* * * LOW HITPOINT WARNING * * *
You are lethally poisoned!
The killer bee poisons you! The bullfrog hits you.
* * * LOW HITPOINT WARNING * * *
The jackal closely misses you. The killer bee misses you.
The bullfrog hits you.
You die...

####....
#...... #.....
#.... ### ##...
. ##...#...#
...
#.....y..#.....
#....y@.......
#....#.Fhy...##
##. #.........
<.#.#.#...
.>.........
....#.#.#..#
............#
#.....#.#.#...


You could see a bullfrog, 3 killer bees and a jackal.

Vanquished Creatures
  A worm (D:2)
  7 endoplasms
  3 giant cockroaches
  3 goblins
  3 hobgoblins
  12 jackals
  A kobold (D:1)
  2 quokkas
  2 ball pythons
  8 bats
  5 frilled lizards
  3 rats
50 creatures vanquished.

Vanquished Creatures (others)
  124 foxfires
124 creatures vanquished.

Grand Total: 174 creatures vanquished

Notes
Turn   | Place    | Note
-------+----------+-------------------------------------------
     0 | D:1      | Conn the Octopode Fire Elementalist began the quest for the
                  | Orb.
     0 | D:1      | Reached XP level 1. HP: 11/11 MP: 3/3
   263 | D:1      | Reached XP level 2. HP: 17/17 MP: 0/5
   827 | D:2      | Reached XP level 3. HP: 19/21 MP: 0/6
  1686 | D:2      | Found a faded altar of an unknown god.
  2195 | D:3      | Reached XP level 4. HP: 25/27 MP: 1/7
  2601 | D:3      | Learned a level 3 spell: Conjure Flame
  2605 | D:3      | Learned a level 3 spell: Inner Flame
  2645 | D:4      | Noticed Natasha
  2708 | D:4      | Noticed a bullfrog
  2713 | D:4      | HP: 1/27 [bullfrog (1)]
  2713 | D:4      | Slain by a bullfrog

Illustrated notes

Levels and vault maps discovered:
D:1:      roderic_crossed_star, layout_basic, corner_web_ring
D:2:      layout_rooms, hellmonk_ecumenical_altar_inner_sanctum
D:3:      layout_loops_corners
D:4:      layout_cave_pools, serial_glass, glass_columns_b, glass_columns_a,
          glass_columns_b, glass_columns_a, glass_columns_a, glass_columns_c,
          minmay_strange_pillars, minmay_strange_pillars,
          minmay_strange_pillars, chequers_serial_rivers_room_a, uniq_natasha

Skill      XL: |  1  2 |
---------------+-------+-----
Stealth        | 3 |  3.5
Fighting       | |  0.1
Dodging        | |  2.2
Spellcasting   | |  2.4
Conjurations   | |  1.5
Fire Magic     | |  3.8

Action                   |  1- 3 |  4- 6 || total
-------------------------+-------+-------++-------
Melee: Unarmed           |    23 |       ||    23
       Tentacles         |     9 |       ||     9
       Constrict         |    12 |       ||    12
       Hand axe          |     7 |       ||     7
 Cast: Foxfire           |    69 |     6 ||    75
  Use: Scroll            |       |     1 ||     1
       Potion            |       |     1 ||     1
 Stab: Sleeping          |     4 |       ||     4
Armor: Skin              |     5 |     2 ||     7
Dodge: Dodged            |    24 |    11 ||    35

Table legend: (Time is in decaauts)
 A = Elapsed time spent in this place.
 B = Non-inter-level travel time spent in this place.
 C = Inter-level travel time spent in this place.
 D = Time resting spent in this place.
 E = Time spent auto-exploring this place.
 F = Levels seen in this place.
 G = Mean time per level.
                   A        B        C        D        E       F      G
               +--------+--------+--------+--------+--------+-----+--------+
         Total |   2712 |   2633 |     79 |      0 |   2036 |   4 |  678.0 |
       Dungeon |   2712 |   2633 |     79 |      0 |   2036 |   4 |  678.0 |
               +--------+--------+--------+--------+--------+-----+--------+

Top non-repeatable levels by time:
     D:2: 1079 daAuts
     D:3: 950 daAuts
     D:1: 675 daAuts
     D:4: 7 daAuts
